AoeStats
← Ux'RaúlME

Arena

506046594Analyzed
3v3 RM · 21d ago on Sep 12, 2026· 93m 1s· 6 players
Game mode
Random Map
Map size
Normal (6 player)
Population
200
Speed
Normal
Resources
Standard
Victory
Conquest
Starting age
Dark Age
Ending age
Imperial Age
RankedLock teamsTeams togetherTeam positionsShared explorationLock speedFull tech treeHidden civsTurbo modeCheats
Victory
Defeat
🇺🇸 Britons · United States
1295
+13
🇲🇽 Burgundians · Mexico
1265
+14
🇲🇽 Koreans · Mexico
1209
+16
🇪🇨 Bohemians · Ecuador
1415
-22
🇪🇨 Italians · Ecuador
1162
-12
🇪🇨 Teutons · Ecuador
1069
-9
BP | Zekej
9:42 Feudal Age
9:53 Feudal Age
14:36 Castle Age
12:44 Double-Bit Axe
12:44 Horse Collar
16:11 Bow Saw
18:33 Stone Mining
20:15 Town Watch
20:17 Loom
22:30 Wheelbarrow
22:06 Fletching
22:17 Padded Archer Armor
23:37 Wheelbarrow
28:35 Imperial Age
26:37 Ballistics
26:20 Gold Mining
26:36 Heavy Plow
26:11 Elite Skirmisher
26:51 Bodkin Arrow
27:57 Treadmill Crane
27:54 Elite Skirmisher
28:51 Leather Archer Armor
30:20 Chemistry
29:30 Bracer
31:07 Hand Cart
31:16 Conscription
31:23 Fortified Wall
31:24 Masonry
31:11 Murder Holes
31:57 Scale Barding Armor
32:27 Ring Archer Armor
32:18 Scale Barding Armor
32:24 Forging
33:29 Forging
33:31 Bloodlines
33:21 Husbandry
32:43 Light Cavalry
35:31 Chain Barding Armor
35:46 Iron Casting
37:06 Plate Barding Armor
37:06 Iron Casting
35:59 Hussar
38:53 Architecture
42:16 Blast Furnace
40:39 Cavalier
44:12 Elite Genoese Crossbowman
58:27 Crop Rotation
59:04 Two-Man Saw
60:28 Scale Mail Armor
61:29 Caravan
62:03 Guard Tower
62:58 Chain Mail Armor
63:21 Keep
73:15 Thumb Ring
73:42 Pikeman
74:22 Squires
74:07 Arson
74:54 Plate Mail Armor
78:08 Coinage
77:49 Guilds
LT | Alonsinho
9:45 Feudal Age
10:15 Loom
14:27 Castle Age
12:39 Horse Collar
13:13 Double-Bit Axe
15:23 Bow Saw
18:24 Heavy Plow
21:01 Stone Mining
24:02 Wheelbarrow
27:57 Imperial Age
26:35 Hand Cart
26:46 Scale Barding Armor
27:00 Gold Mining
27:48 Stone Shaft Mining
28:03 Chain Barding Armor
27:54 Forging
28:07 Ballistics
30:20 Crop Rotation
30:29 Scale Mail Armor
31:06 Plate Barding Armor
31:20 Bloodlines
31:43 Chain Mail Armor
32:03 Iron Casting
31:01 Cavalier
31:38 Town Watch
32:19 Fletching
33:00 Conscription
33:22 Hoardings
34:47 Town Patrol
34:19 Paladin
35:43 Masonry
38:43 Blast Furnace
39:13 Bodkin Arrow
39:55 Plate Mail Armor
39:21 Bodkin Arrow
43:25 Padded Archer Armor
47:41 Elite Teutonic Knight
51:10 Crenellations
67:27 Elite Skirmisher
69:16 Pikeman
69:56 Squires
69:43 Arson
70:27 Leather Archer Armor
70:48 Halberdier
73:38 Caravan
77:12 Chemistry
el adriano
10:23 Feudal Age
14:56 Castle Age
13:05 Double-Bit Axe
13:24 Horse Collar
15:56 Bow Saw
15:47 Heavy Plow
18:03 Chemistry
19:40 Loom
24:34 Padded Archer Armor
26:39 Wheelbarrow
27:54 Leather Archer Armor
33:55 Imperial Age
32:40 Fletching
34:20 Hand Cart
33:50 Town Watch
35:07 Ring Archer Armor
35:53 Wagenburg Tactics
37:52 Bodkin Arrow
38:37 Bracer
40:47 Siege Engineers
41:50 Conscription
41:32 Scale Mail Armor
41:42 Forging
42:34 Chain Mail Armor
41:56 Man-at-Arms
42:11 Pikeman
43:42 Iron Casting
43:45 Halberdier
44:45 Long Swordsman
57:03 Houfnice
58:52 Guilds
seantricks
11:33 Feudal Age
12:28 Double-Bit Axe
15:06 Castle Age
13:06 Horse Collar
16:19 Bow Saw
16:38 Heavy Plow
25:22 Fletching
26:36 Loom
28:05 Wheelbarrow
28:28 Fletching
31:47 Imperial Age
31:53 Imperial Age
30:04 Bodkin Arrow
30:10 Padded Archer Armor
33:07 Conscription
33:11 Yeomen
33:30 Bracer
33:51 Leather Archer Armor
33:26 Elite Skirmisher
35:35 Ring Archer Armor
37:00 Two-Man Saw
36:46 Hoardings
36:59 Elite Longbowman
39:33 Ballistics
40:14 Chemistry
39:16 Gold Mining
41:09 Siege Engineers
41:58 Hand Cart
41:28 Town Watch
42:21 Masonry
48:25 Architecture
50:00 Warwolf
50:37 Onager
53:45 Scale Mail Armor
53:56 Forging
53:38 Pikeman
54:18 Squires
54:51 Chain Mail Armor
54:48 Halberdier
62:34 Iron Casting
62:29 Plate Mail Armor
68:49 Blast Furnace
71:13 Murder Holes
71:29 Fortified Wall
71:00 Treadmill Crane
72:33 Caravan
76:12 Coinage
75:53 Guilds
76:36 Arson
Ux'RaulitoMD
11:28 Feudal Age
15:24 Castle Age
13:22 Double-Bit Axe
13:59 Stone Mining
14:17 Horse Collar
16:11 Wheelbarrow
15:23 Loom
16:24 Gold Mining
19:33 Fletching
21:16 Bodkin Arrow
23:07 Bow Saw
24:27 Eupseong
26:54 Heavy Plow
28:26 Hand Cart
27:57 Town Watch
31:54 Imperial Age
29:40 Squires
29:26 Arson
31:24 Gold Shaft Mining
31:24 Stone Shaft Mining
30:44 Elite Skirmisher
32:41 Masonry
33:58 Chemistry
33:56 Town Patrol
34:38 Thumb Ring
35:06 Fortified Wall
35:28 Bracer
36:56 Thumb Ring
39:04 Two-Man Saw
37:39 Crossbowman
40:41 Elite Fire Lancer
42:46 Arbalester
44:39 Scale Mail Armor
44:50 Forging
44:36 Pikeman
45:37 Chain Mail Armor
45:36 Halberdier
51:45 Capped Ram
53:40 Architecture
62:07 Ballistics
61:48 Murder Holes
61:39 Arrowslits
61:53 Gambesons
61:30 Man-at-Arms
67:37 Arbalester
Ux'RaúlME
5:13 Double-Bit Axe
10:53 Feudal Age
10:57 Feudal Age
9:17 Horse Collar
11:20 Feudal Age
11:37 Loom
15:37 Castle Age
13:44 Gold Mining
14:26 Heavy Plow
15:47 Bow Saw
16:46 Gold Shaft Mining
18:52 Two-Man Saw
19:54 Wheelbarrow
19:38 Town Watch
23:17 Hand Cart
26:02 Scale Barding Armor
28:43 Imperial Age
26:34 Forging
26:32 Stone Mining
27:13 Chain Barding Armor
26:19 Cavalier
27:00 Husbandry
28:23 Iron Casting
28:29 Crop Rotation
28:28 Fletching
29:35 Stone Shaft Mining
30:31 Plate Barding Armor
31:57 Blast Furnace
31:51 Bodkin Arrow
32:56 Paladin
35:33 Conscription
38:49 Bracer
40:09 Hoardings
41:06 Chemistry
41:38 Scale Mail Armor
41:03 Pikeman
41:44 Squires
41:29 Arson
41:52 Halberdier
46:18 Burgundian Vineyards
51:01 Chain Mail Armor
50:21 Elite Skirmisher
52:21 Padded Archer Armor
52:52 Plate Mail Armor
61:51 Leather Archer Armor
61:34 Light Cavalry
62:19 Hussar
75:37 Ballistics
74:42 Capped Ram
Connection lost

Rejoining the realm…

Still unreachable

The connection could not be restored.

Session expired

The server has moved on; the page needs a fresh start.